 Dungeon Crawl Stone Soup version 0.22.0-49-gab54619 (webtiles) character file.

144 HarryHood the Cudgeler (level 5, -1/48 HPs)
             Began as a Minotaur Berserker on Sept 3, 2018.
             Was a Believer of Trog.
             Slain by an orc priest
             ... wielding a +0 trident
              (5 damage)
             ... on level 3 of the Dungeon.
             The game lasted 00:05:58 (2435 turns).

HarryHood the Cudgeler (Minotaur Berserker)         Turns: 2435, Time: 00:05:59

Health: -1/48      AC:  6    Str: 21    XL:     5   Next: 5%
Magic:  4/4        EV: 10    Int:  7    God:    Trog [**....]
Gold:   169        SH:  0    Dex: 11    Spells: 4/4 levels left

rFire    . . .     SeeInvis .   a - +0 flail
rCold    . . .     Gourm    .   (no shield)
rNeg     . . .     Faith    .   o - +0 scale mail
rPois    .         Spirit   .   (helmet restricted)
rElec    .         Reflect  .   (no cloak)
rCorr    .         Harm     .   (no gloves)
MR       .....                  (no boots)
Stlth    ..........             (no amulet)
HPRegen  0.16/turn              h - +3 ring of intelligence
MPRegen  0.09/turn              (no ring)

@: lethally poisoned (-1 -> -3)
A: retaliatory headbutt, horns 2
a: Berserk, Trog's Hand, Renounce Religion


You were on level 3 of the Dungeon.
You worshipped Trog.
Trog was pleased with you.
You were not hungry.

You visited 1 branch of the dungeon, and saw 3 of its levels.

You collected 169 gold pieces.

Inventory:

Hand Weapons
 a - a +0 flail (weapon)
 b - a +1 hunting sling of freezing
Missiles
 f - 71 stones (quivered)
 j - 30 sling bullets
Armour
 o - a +0 scale mail (worn)
Jewellery
 h - a +3 ring of intelligence (left hand)
Scrolls
 l - a scroll of remove curse {unknown}
Potions
 c - 3 potions of curing {@q2}
 d - 2 potions of cancellation {unknown}
 g - 2 potions of lignification {unknown}
 i - a potion of heal wounds {unknown}
Comestibles
 e - 7 rations {@e1}
 m - 2 chunks of flesh


   Skills:
 + Level 5.1 Fighting
 - Level 6.0 Maces & Flails
 - Level 2.4 Armour
 - Level 2.1 Dodging


You had 4 spell levels left.
You didn't know any spells.
Your spell library was empty.

Dungeon Overview and Level Annotations

Branches:
Dungeon (3/15)

Altars:
Dithmenos
Gozag
Okawaru


Innate Abilities, Weirdness & Mutations

You reflexively headbutt those who attack you in melee.
You have a pair of horns on your head.


Message History

The orc priest mumbles some strange prayers to Beogh against you.
You barely resist.
You hit the orc priest but do no damage.
The orc priest invokes the aid of Beogh against you.
Pain shoots through your body!
* * * LOW HITPOINT WARNING * * *
The adder bites you but does no damage.
You take 4 damage, and have 9/48 hp.
You hit the adder. The adder bites you.
* * * LOW HITPOINT WARNING * * *
You are poisoned.
The adder poisons you!
The orc priest drinks a potion.
The orc priest is healed!
You take 1 damage, and have 8/48 hp.
You hit the orc priest but do no damage.
You headbutt the orc priest, but do no damage.
You feel sick. The adder bites you.
* * * LOW HITPOINT WARNING * * *
The orc priest hits you with a trident.
You die...

.####.#...
#.##.. #.###.
#..).. #+####
#####. #.# S.#
#. #.. #.## #.
##.# #.######.#
#. ##..#
#..S@o...# #.
###.#...##
##.######## #.
#........###.##
#.
....###.#...##
## . #.#####
#.# #.# #.# #.#
##


You could see an orc priest and an adder.

Vanquished Creatures
  2 orc priests (D:3)
  An adder (D:2)
  3 oozes
  2 worms
  3 leopard geckos
  4 orcs (D:3)
  5 giant cockroaches
  5 goblins
  6 hobgoblins
  2 quokkas (D:3)
  A ball python (D:3)
  4 bats
  3 frilled lizards (D:3)
  3 kobolds
  7 rats
51 creatures vanquished.

Notes
Turn   | Place    | Note
-------+----------+-------------------------------------------
     0 | D:1      | HarryHood the Minotaur Berserker began the quest for the
                  | Orb.
     0 | D:1      | Reached XP level 1. HP: 19/19 MP: 0/0
    46 | D:1      | Reached skill level 4 in Maces & Flails
    61 | D:1      | Reached XP level 2. HP: 21/26 MP: 1/1
   616 | D:1      | Reached skill level 5 in Maces & Flails
   847 | D:2      | Reached XP level 3. HP: 20/31 MP: 2/2
  1047 | D:2      | Reached ** piety under Trog
  1799 | D:3      | Found a shadowy altar of Dithmenos.
  2143 | D:3      | Found an opulent altar of Gozag.
  2229 | D:3      | Found an iron altar of Okawaru.
  2235 | D:3      | Reached skill level 6 in Maces & Flails
  2235 | D:3      | Reached XP level 4. HP: 36/39 MP: 3/3
  2422 | D:3      | Reached skill level 4 in Fighting
  2429 | D:3      | Reached skill level 5 in Fighting
  2429 | D:3      | Reached XP level 5. HP: 20/48 MP: 4/4
  2435 | D:3      | HP: 4/48 [adder (3)]
  2435 | D:3      | Slain by an orc priest

Skill      XL: |  1  2  3  4 |
---------------+-------------+-----
Maces & Flails | 4 5 6 |  6.0
Fighting       | 5 |  5.1
Armour         | |  2.4
Dodging        | |  2.1

Action                   |  1- 3 |  4- 6 || total
-------------------------+-------+-------++-------
Melee: Mace              |    59 |       ||    59
       Headbutt          |     9 |     5 ||    14
       Flail             |    30 |    21 ||    51
  Use: Scroll            |     2 |       ||     2
  Eat: Chunk             |     4 |     1 ||     5
Armor: Animal skin       |     7 |       ||     7
       Scale mail        |    14 |     5 ||    19
       Ring mail         |     1 |       ||     1
Dodge: Dodged            |    52 |     7 ||    59
